 Dungeon Crawl Stone Soup version 0.28.0-47-ge53b351184 (webtiles) character file.

Game seed: 9824268569934036651

16 Zeld the Chopper (level 2, -6/27 HPs)
             Began as a Hill Orc Monk on May 2, 2022.
             Mangled by a gnoll
             ... wielding a +0 flail
              (11 damage)
             ... on level 1 of the Dungeon.
             The game lasted 00:01:31 (713 turns).

Zeld the Chopper (Hill Orc Monk)                     Turns: 713, Time: 00:01:32

Health: -6/27      AC:  2    Str: 13    XL:     2   Next: 54%
Magic:  2/2        EV: 12    Int: 10    God:
Gold:   72         SH:  0    Dex: 13    Spells: 1/1 levels left

rFire   . . .      SeeInvis .   a - +0 hand axe
rCold   . . .      Faith    .   (no shield)
rNeg    . . .      Spirit   .   b - +0 robe
rPois   .          Reflect  .   (no helmet)
rElec   .          Harm     .   (no cloak)
rCorr   .          Rampage  .   (no gloves)
Will    .....                   (no boots)
Stlth   ++........              (no amulet)
HPRegen 0.09/turn               (no ring)
MPRegen 0.08/turn               (no ring)

@: no status effects
A: no striking features
a: no special abilities


You were on level 1 of the Dungeon.
You visited 1 branch of the dungeon, and saw 2 of its levels.

You collected 72 gold pieces.

Inventory:

Hand Weapons
 a - a +0 hand axe (weapon)
Armour
 b - a +0 robe (worn)
Scrolls
 d - a scroll of fear {unknown}
 e - a scroll of immolation {unknown}
Potions
 c - a potion of brilliance {unknown}


   Skills:
 * Level 3.9 Fighting
 * Level 4.4 Axes
 + Level 0.3 Armour
 + Level 2.5 Dodging
 + Level 1.7 Stealth


You had one spell level left.
You didn't know any spells.
Your spell library was empty.

Dungeon Overview and Level Annotations

Branches:
Dungeon (2/15)

Altars:


Message History

The ball python constricts you.
You escape the ball python's grasp.
Things that are here:
a jackal corpse; a jackal corpse; a jackal corpse The ball python closely misses you. x2
The ball python bites you but does no damage.
The ball python grabs you. The ball python constricts you.
The ball python's grasp on you weakens, but your attempt to escape fails.
The ball python barely misses you. The ball python constricts you.
You escape the ball python's grasp.
The ball python misses you. The ball python closely misses you.
The ball python closely misses you. The ball python barely misses you.
There is a stone staircase leading up here.
The ball python closely misses you. The ball python grabs you.
You stop ascending the stairs.
The ball python constricts you.
You don't know any spells.
You completely miss the ball python. The ball python bites you.
The ball python constricts you.
The ball python bites you but does no damage.
The ball python constricts you.
You hit the ball python.
You kill the ball python!
You hit the gnoll.
The gnoll is lightly wounded.
The gnoll hits you with a +0 flail!
* * * LOW HITPOINT WARNING * * *
You are too injured to fight recklessly!
The gnoll barely misses you.
You climb upwards.
There is a stone staircase leading down here.
You hit the gnoll.
The gnoll is moderately wounded.
The gnoll hits you with a +0 flail.
* * * LOW HITPOINT WARNING * * *
You barely miss the gnoll.
The gnoll is moderately wounded.
The gnoll misses you.
Unknown command.
The gnoll hits you with a +0 flail!
You die...

.......########.#.###.##......#
.#..... #.#.# #.##......#
#.[.#. #...# #.##......# #...#(
##..# #.........# .... .. #..#
#....†....# ... .. #..#
#.........# .#. .. #..#
#......#### #####.g# #.######
#....@># #.# #.###### #.# #.#
#.#### #.# #....# #.# ####.#
#.###########(# #.............#
###############


You could see a gnoll.

Vanquished Creatures
  2 ball pythons
  A bat (D:1)
  6 jackals
  A kobold (D:1)
  2 frilled lizards (D:1)
  2 rats (D:1)
14 creatures vanquished.

Notes
Turn   | Place    | Note
-------+----------+-------------------------------------------
     0 | D:1      | Zeld the Hill Orc Monk began the quest for the Orb.
     0 | D:1      | Reached XP level 1. HP: 19/19 MP: 1/1
   277 | D:1      | Reached XP level 2. HP: 23/27 MP: 2/2
   713 | D:1      | Mangled by a gnoll

Illustrated notes

Levels and vault maps discovered:
D:1:      noname_arrival_rooms_in_the_neighbourhood, layout_basic,
          hellmonk_ecumenical_altar_lost_god
D:2:      layout_basic, minmay_pentomino_p4

Action                   || total
-------------------------++-------
Melee: Hand axe          ||    51
 Stab: Sleeping          ||     2
Armor: Robe              ||     9
Dodge: Dodged            ||    56
